Map: Turbo Cruise '84 LE

Players

Hozem

  • Race: Terran Terran
  • League: Master
  • Spawn Location: 7:00

RainbowDash - Winner!

  • Race: Protoss Protoss
  • League: Master
  • Spawn Location: 3:00

VOD

Have the link to the VOD?

Description

Time

  • Played on: June 20, 2019, 2:02 p.m.
  • Length: 7:12
Show
View Real Time Build Order
Export as new Build Order

Hozem Terran 

Build Orders: Reaper Expand, Mech 

Get SALT Encoding   

  12  0:00  SCV  
  13  0:13  SCV  
  14  0:17  Supply Depot  
  14  0:25  SCV  
  15  0:39  SCV  
  15  0:41  Barracks  
  16  0:46  Refinery  
  16  0:51  SCV  
  17  1:03  SCV  
  18  1:15  SCV  
  19  1:29  Orbital Command, Reaper  
  20  1:44  Command Center  
  20  1:54  Supply Depot  
  20  1:55  SCV  
  21  2:07  SCV  
  22  2:12  Marine  
  23  2:16  Bunker  
  23  2:19  Factory  
  23  2:30  Marine  
  24  2:48  Marine  
  25  2:57  Orbital Command  
  24  3:03  Factory Tech Lab  
  24  3:09  SCV, Refinery  
  25  3:13  Barracks Reactor  
  25  3:22  SCV  
  25  3:23  SCV  
  25  3:25  Cyclone  
  29  3:35  SCV x2  
  31  3:45  Mag-Field Accelerator  
  31  3:47  SCV x2  
  33  3:52  Command Center  
  33  4:00  Cyclone  
  33  4:02  SCV x2  
  38  4:05  Refinery  
  38  4:09  Supply Depot  
  38  4:14  SCV x2, Supply Depot  
  40  4:21  Factory  
  40  4:26  SCV  
  40  4:28  Refinery  
  41  4:32  SCV  
  41  4:37  Cyclone  
  41  4:38  SCV  
  46  4:45  SCV  
  47  4:50  SCV  
  47  4:52  Factory  
  48  4:57  SCV  
  49  5:02  SCV  
  49  5:03  SCV  
  51  5:07  Factory Tech Lab  
  51  5:09  Cyclone, SCV, Supply Depot  
  55  5:17  Orbital Command  
  55  5:18  SCV  
  56  5:31  SCV x2  
  58  5:35  Cyclone  
  58  5:36  Factory Reactor  
  61  5:43  SCV x2  
  61  5:47  Armory  
  61  5:48  SCV  
  64  5:50  Armory  
  64  5:53  Cyclone  
  64  5:55  SCV x2  
  69  6:05  SCV  
  69  6:07  SCV x2  
  69  6:10  Supply Depot  
  69  6:12  Supply Depot  
  66  6:23  Siege Tank  
  66  6:24  Hellion x2  
  53  6:36  Siege Tank  
Show
View Real Time Build Order
Export as new Build Order

RainbowDash Protoss - Winner!

Build Orders:  

Get SALT Encoding   

  12  0:01  Probe  
  13  0:13  Probe  
  14  0:18  Pylon  
  14  0:22  Probe  
  15  0:32  Probe  
  15  0:37  Gateway  
  16  0:42  Probe  
  16  0:49  Assimilator  
  17  0:54  Probe  
  17  0:56  Assimilator  
  18  1:07  Probe  
  18  1:10  Gateway  
  19  1:19  Probe  
  20  1:25  Cybernetics Core  
  20  1:31  Probe  
  21  1:36  Pylon  
  21  1:43  Probe  
  22  1:52  Stalker  
  22  1:54  Stalker  
  22  1:55  Probe  
  27  2:10  Warp Gate  
  27  2:19  Pylon  
  27  2:21  Stalker  
  28  2:27  Stalker  
  30  2:40  Probe  
  31  3:02  Probe  
  31  3:03  Nexus  
  32  3:10  Probe, Robotics Facility  
  33  3:20  Probe  
  33  3:21  Twilight Council  
  34  3:31  Probe  
  34  3:33  Pylon  
  35  3:43  Probe  
  36  3:52  Shield Battery, Immortal  
  36  3:56  Probe  
  41  4:05  Charge  
  41  4:08  Probe  
  43  4:17  Probe  
  43  4:20  Probe  
  44  4:29  Probe, Observer  
  45  4:33  Gateway  
  45  4:36  Gateway  
  46  4:39  Probe  
  46  4:44  Gateway  
  47  4:46  Probe  
  48  4:53  Warp Prism  
  50  5:00  Gateway  
  50  5:05  Gateway  
  50  5:12  Zealot  
  50  5:13  Zealot  
  54  5:17  Pylon  
  54  5:30  Pylon  
  54  5:32  Zealot  
  54  5:33  Zealot x2  
  60  5:35  Zealot  
  62  5:53  Zealot x4  
  70  6:03  Pylon  
  70  6:06  Zealot x2  
  70  6:07  Zealot  
  72  6:21  Zealot x3  
  72  6:22  Zealot  
  74  6:28  Warp Prism  
  72  6:39  Zealot x3  
  72  6:59  Zealot x4  
  72  7:00  Zealot x2  
Tags
 
Composition
Mech
Matchup
PvT
Spawn Locations
Cross Positions
Add a new tag
Caveats
  • Supply blocks, unpowered buildings, or Contaminate may cause inaccurate times.
  • Supply counts are checked every 10 seconds.